 Dungeon Crawl Stone Soup version 0.31-a0-841-g038b102fc3 (webtiles) character file.

Game seed: 17790175725260015002

347 subawu the Ruffian (level 6, -4/38 (47) HPs)
             Began as a Gnoll Shapeshifter on Sept 27, 2023.
             Was an Initiate of Hepliaklqana.
             Slain by an ogre
             ... wielding a +0 giant club
              (18 damage)
             ... on level 5 of the Dungeon.
             The game lasted 00:12:51 (3392 turns).

subawu the Ruffian (Gnoll Shapeshifter)             Turns: 3392, Time: 00:12:51

HP:   -4/38 (47)    AC:  8    Str: 16    XL:     6   Next: 59%
MP:   9/9           EV:  8    Int: 15    God:    Hepliaklqana [......]
Gold: 251           SH:  0    Dex: 11    Spells: 9/9 levels left

rFire   . .          .
                       - Unarmed
rCold   . . .        (no shield)
rNeg    . . .        t - +0 chain mail
rPois   .            (helmet currently unavailable)
rElec   .            w - melded +2 cloak {rPois}
rCorr   .            (gloves currently unavailable)
SInv    .            (boots currently unavailable)
Will    .....        (no amulet) Stlth
                     n - +6 ring of intelligence
HPRegen 0.26/turn    g - ring of flight
MPRegen 0.11/turn

%: no passive effects
@: beast-form, flying, heavily drained
A: beast (slay +3), fangs 1, strong nose, distributed training
a: Begin Untransformation, Renounce Religion


You were on level 5 of the Dungeon.
You worshipped Hepliaklqana.
Hepliaklqana was noncommittal.
You were a hulking beast.
You visited 1 branch of the dungeon, and saw 5 of its levels.

You collected 251 gold pieces.

Inventory:

Missiles
 h - 37 stones
Armour
 a - a +0 animal skin
 l - a +0 leather armour
 q - a +0 ring mail
 t - a +0 chain mail (worn)
 w - a +2 cloak of poison resistance (melded)
 y - a +0 scale mail
Jewellery
 g - a ring of flight (right hand)
 n - a +6 ring of intelligence (left hand)
Talismans
 c - a beast talisman (active)
 d - a flux talisman
Wands
 u - a wand of charming (7)
Scrolls
 e - 3 scrolls of identify {unknown}
 f - a scroll of brand weapon {unknown}
 k - a scroll of torment {unknown}
 m - a scroll of immolation {unknown}
 p - 2 scrolls of vulnerability {unknown}
 r - a scroll of teleportation {unknown}
 v - a scroll of enchant weapon {unknown}
Potions
 i - 3 potions of degeneration {unknown}
 j - a potion of haste {unknown}
 o - a potion of curing {unknown}
 s - a potion of mutation {unknown}
 x - 2 potions of attraction {unknown}
 z - 2 potions of ambrosia {unknown}
 A - a potion of heal wounds {unknown}


   Skills:
 + Level 3.3 Fighting
 + Level 2.1 Short Blades
 + Level 2.1 Long Blades
 + Level 2.1 Axes
 + Level 2.1 Maces & Flails
 + Level 2.1 Polearms
 + Level 2.1 Staves
 + Level 2.1 Ranged Weapons
 + Level 2.1 Throwing
 + Level 2.1 Armour
 + Level 5.0 Dodging
 + Level 2.1 Stealth
 + Level 2.1 Shields
 + Level 6.9 Unarmed Combat
 + Level 2.1 Spellcasting
 + Level 1.6 Conjurations
 + Level 1.6 Hexes
 + Level 1.6 Summonings
 + Level 1.6 Necromancy
 + Level 1.6 Translocations
 + Level 1.6 Transmutations
 + Level 1.6 Fire Magic
 + Level 1.6 Ice Magic
 + Level 1.6 Air Magic
 + Level 1.6 Earth Magic
 + Level 1.6 Poison Magic
 + Level 2.3 Invocations
 + Level 2.1 Evocations
 + Level 6.8 Shapeshifting


You had 9 spell levels left.
You didn't know any spells.
Your spell library contained the following spells:

 Spells                   Type           Power      Damage    Failure   Level
 Kiss of Death            Conj/Necr      24%        2d7       80%         1
 Blink                    Tloc           12%        N/A       91%         2
 Lesser Beckoning         Tloc           12%        N/A       91%         2
 Momentum Strike          Conj/Tloc      12%        3d8       91%         2
 Sublimation of Blood     Necr           6%         N/A       91%         2
 Call Canine Familiar     Summ           6%         N/A       99%         3
 Summon Mana Viper        Hex/Summ       6%         N/A       100%        5


Dungeon Overview and Level Annotations

Branches:
Dungeon (5/15)
 Temple: D:4-7

Altars:
Hepliaklqana

Shops:
D:3 (   D:4 [


Innate Abilities, Weirdness & Mutations

You are a hulking beast.
Your limbs bulge with bestial killing power. (Slay +3)
You have very sharp teeth.
Your uncanny sense of smell can sniff out nearby items.
Your experience applies equally to all skills.


Message History

You cannot move.
You cannot move.
Aiming: Charm
Press: ? - help, Q - select action, (/) - cycle Shift-Dir - straight line, f - ogre
Aim: an ogre, wielding a +0 giant club (chance to affect: 54%)
The ogre resists with significant effort.
Aiming: Charm
Press: ? - help, Q - select action, (/) - cycle Shift-Dir - straight line, f/p - ogre
Aim: an ogre, wielding a +0 giant club (chance to affect: 54%)
The ogre is charmed.
You start resting.
An adder comes into view.
An adder is nearby!
An adder is nearby!
An adder is nearby!
An adder is nearby!
An adder is nearby!
An adder is nearby!
An adder is nearby!
An adder is nearby!
An adder is nearby!
An adder is nearby!
An adder is nearby!
An adder is nearby!
Aiming: Charm
Press: ? - help, Q - select action, (/) - cycle Shift-Dir - straight line, f - adder, p - ogre
Aim: an adder (not watching you, chance to affect: 63%)
The adder is charmed.
You start resting.
Your transformation is almost over.
You feel less wooden.
Your +2 cloak of poison resistance unmelds from your body.
Your +0 chain mail unmelds from your body.
You feel resistant to poison.
You turn into a hulking beast.
Your +2 cloak of poison resistance melds into your body.
You no longer feel resistant to poison.
You start resting.
The ogre is no longer charmed.
The ogre hits you with a +0 giant club!!
You die...

#.# # #.# #.
#.# #.### #.#
#'#....#+#.#
...........#
...........#
.......S)..#
.......Oh..#
.......)..)#
...........#
...........#
......>....#∆
...........#
...........#
....######.#


You could see an ogre and a friendly adder (charmed).

Vanquished Creatures
  A centaur (D:5)
  2 orc priests
  2 iguanas (D:4)
  An orc wizard (D:5)
  4 adders
  An ufetubus (D:4)
  2 worms (D:3)
  3 dart slugs
  6 orcs
  5 ball pythons
  5 endoplasms
  8 goblins
  7 hobgoblins
  4 jackals (D:3)
  10 kobolds
  7 quokkas
  3 bats (D:3)
  5 frilled lizards
  2 rats
78 creatures vanquished.

Notes
Turn   | Place    | Note
-------+----------+-------------------------------------------
     0 | D:1      | subawu the Gnoll Shapeshifter began the quest for the Orb.
     0 | D:1      | Reached XP level 1. HP: 17/17 MP: 1/1
   349 | D:1      | Reached XP level 2. HP: 19/23 MP: 2/2
  1182 | D:2      | Reached XP level 3. HP: 28/28 MP: 3/3
  1320 | D:2      | Reached skill level 1 in Invocations
  1327 | D:2      | Got an upside-down book
  1445 | D:2      | Found a faded altar of an unknown god.
  1671 | D:2      | Reached skill level 1 in Short Blades
  1671 | D:2      | Reached skill level 1 in Long Blades
  1671 | D:2      | Reached skill level 1 in Axes
  1671 | D:2      | Reached skill level 1 in Maces & Flails
  1671 | D:2      | Reached skill level 1 in Polearms
  1671 | D:2      | Reached skill level 1 in Staves
  1671 | D:2      | Reached skill level 1 in Ranged Weapons
  1671 | D:2      | Reached skill level 1 in Throwing
  1671 | D:2      | Reached skill level 1 in Armour
  1671 | D:2      | Reached skill level 1 in Stealth
  1671 | D:2      | Reached skill level 1 in Shields
  1671 | D:2      | Reached skill level 1 in Spellcasting
  1671 | D:2      | Reached skill level 1 in Evocations
  1818 | D:2      | Reached XP level 4. HP: 34/34 MP: 5/5
  2184 | D:3      | Reached skill level 1 in Conjurations
  2184 | D:3      | Reached skill level 1 in Hexes
  2184 | D:3      | Reached skill level 1 in Summonings
  2184 | D:3      | Reached skill level 1 in Necromancy
  2184 | D:3      | Reached skill level 1 in Translocations
  2184 | D:3      | Reached skill level 1 in Transmutations
  2184 | D:3      | Reached skill level 1 in Fire Magic
  2184 | D:3      | Reached skill level 1 in Ice Magic
  2184 | D:3      | Reached skill level 1 in Air Magic
  2184 | D:3      | Reached skill level 1 in Earth Magic
  2184 | D:3      | Reached skill level 1 in Poison Magic
  2285 | D:3      | Found Ahibbiq's Antique Weapon Shoppe.
  2588 | D:4      | Reached XP level 5. HP: 23/40 MP: 5/7
  2672 | D:4      | Found a hazy altar of Hepliaklqana.
  2721 | D:4      | Became a worshipper of Hepliaklqana the Forgotten
  3097 | D:4      | Found Adof's Antique Armour Emporium.
  3334 | D:5      | Entered Level 5 of the Dungeon
  3334 | D:5      | Noticed a centaur
  3341 | D:5      | Killed a centaur
  3342 | D:5      | Reached skill level 5 in Dodging
  3342 | D:5      | Reached XP level 6. HP: 46/47 MP: 7/9
  3392 | D:5      | Slain by an ogre

Illustrated notes

Levels and vault maps discovered:
D:1:      minmay_arrival_cross, layout_basic, minmay_strange_pillars,
          grunt_decor_one_mirror
D:2:      layout_basic, ebering_ecumenical_altar_webs
D:3:      layout_rooms, serial_shops, nicolae_shop_hallway_stairs
D:4:      layout_basic, mainiacjoe_overflow_six_doors_small, serial_shops,
          nicolae_shop_back_alley_shop
D:5:      layout_basic, fedhas_altar_1, mainiacjoe_overflow_alcove_2

Skill      XL: |  1  2  3  4  5 |
---------------+----------------+-----
Invocations    | 1 2 |  2.3
Short Blades   | 1 2 |  2.1
Long Blades    | 1 2 |  2.1
Axes           | 1 2 |  2.1
Maces & Flails | 1 2 |  2.1
Polearms       | 1 2 |  2.1
Staves         | 1 2 |  2.1
Ranged Weapons | 1 2 |  2.1
Throwing       | 1 2 |  2.1
Armour         | 1 2 |  2.1
Stealth        | 1 2 |  2.1
Shields        | 1 2 |  2.1
Spellcasting   | 1 2 |  2.1
Evocations     | 1 2 |  2.1
Conjurations   | 1 |  1.6
Hexes          | 1 |  1.6
Summonings     | 1 |  1.6
Necromancy     | 1 |  1.6
Translocations | 1 |  1.6
Transmutations | 1 |  1.6
Fire Magic     | 1 |  1.6
Ice Magic      | 1 |  1.6
Air Magic      | 1 |  1.6
Earth Magic    | 1 |  1.6
Poison Magic   | 1 |  1.6
Fighting       | 3 |  3.3
Dodging        | 5 |  5.0
Unarmed Combat | |  6.9
Shapeshifting  | |  6.8

Action                     |  1- 3 |  4- 6 || total
---------------------------+-------+-------++-------
  Melee: Unarmed           |    73 |   113 ||   186
         Bite              |     2 |    11 ||    13
         Punch             |     2 |     1 ||     3
  Evoke: Wand              |       |     3 ||     3
    Use: Potion            |       |     1 ||     1
   Stab: Sleeping          |     1 |       ||     1
 Armour: Animal skin       |    25 |       ||    25
         Leather armour    |     8 |       ||     8
         Ring mail         |       |    36 ||    36
         Chain mail        |       |    61 ||    61
         Skin              |       |     6 ||     6
  Dodge: Dodged            |    47 |    93 ||   140
         Form:             |       |     1 ||     1
         Beast             |       |     1 ||     1

Table legend: (Time is in decaauts)
 A = Elapsed time spent in this place.
 B = Non-inter-level travel time spent in this place.
 C = Inter-level travel time spent in this place.
 D = Time resting spent in this place.
 E = Time spent auto-exploring this place.
 F = Levels seen in this place.
 G = Mean time per level.
                   A        B        C        D        E       F      G
               +--------+--------+--------+--------+--------+-----+--------+
         Total |   3367 |   3201 |    166 |    123 |   1770 |   5 |  673.4 |
       Dungeon |   3367 |   3201 |    166 |    123 |   1770 |   5 |  673.4 |
               +--------+--------+--------+--------+--------+-----+--------+

Top non-repeatable levels by time:
     D:1: 1055 daAuts
     D:2: 795 daAuts
     D:4: 756 daAuts
     D:3: 704 daAuts
     D:5: 55 daAuts
